[Event "Titled Tuesday Blitz March 14 Early 2023"]
[White "Guzman, Christopher"]
[Black "Zhigalko, Sergei"]
[WhiteFideId "6405096"]
[BlackFideId "13502956"]
[WhiteElo "2281"]
[BlackElo "2626"]
[Result "0-1"]
[Round "02"]
[TimeControl "180+2"]
[Date "2023.03.14"]
[WhiteClock "0:00:51"]
[BlackClock "0:00:05"]

1. e4 c5 2. Nf3 Nc6 3. d4 cxd4 4. Nxd4 Nf6 5. Nc3 e5 6. Ndb5 d6 7. Bg5 a6 8. Na3 b5 9. Nd5 Be7 10. Bxf6 Bxf6 11. c3 Bg5 12. Nc2 Ne7 13. Nce3 O-O 14. a4 bxa4 15. Rxa4 a5 16. Bc4 Bd7 17. Ra2 a4 18. O-O Rb8 19. Nxe7+ Qxe7 20. Nd5 Qd8 21. Kh1 Kh8 22. f4 exf4 23. Nxf4 Bxf4 24. Rxf4 Qe7 25. Qd4 f6 26. Rf1 f5 27. exf5 Rxf5 28. Rxf5 Bxf5 29. h3 Bd7 30. Kh2 h6 31. Qd5 Qf6 32. Qd2 Qe5+ 33. Kh1 Bc6 34. Ra1 Qf5 35. Kh2 Qe5+ 36. Kh1 Qe4 37. Bf1 Qf5 38. Kh2 Qe5+ 39. Kh1 Rf8 40. Re1 Qg3 41. Kg1 Qg6 42. Qe3 Rxf1+ 0-1


[Site "https://www.chess.com"]

[Event "Titled Tuesday Blitz March 14 Early 2023"]
[White "Drygalov, Andrey"]
[Black "Shuvalov, Evgenij"]
[WhiteFideId "24171735"]
[BlackFideId "4187237"]
[WhiteElo "2471"]
[BlackElo "2080"]
[Result "1/2-1/2"]
[Round "02"]
[TimeControl "180+2"]
[Date "2023.03.14"]
[WhiteClock "0:00:17"]
[BlackClock "0:00:09"]

1. e4 e6 2. d4 d5 3. Nd2 c5 4. exd5 exd5 5. Ngf3 Nc6 6. Bb5 Qe7+ 7. Be2 Qc7 8. O-O Nf6 9. Re1 Be6 10. dxc5 Bxc5 11. Nb3 Bb6 12. c3 O-O 13. Nbd4 Rae8 14. Bg5 Ne4 15. Be3 Bd7 16. Nb5 Qd8 17. Qxd5 Bxe3 18. fxe3 Qb6 19. Nbd4 Nf6 20. Qb3 Rxe3 21. Qxb6 axb6 22. Bc4 Rfe8 23. Rxe3 Rxe3 24. Rd1 Re8 25. Nb5 Na5 26. Bf1 Bxb5 27. Bxb5 Nc6 28. Rd6 Rd8 29. Rxd8+ Nxd8 30. Ne5 Kf8 31. Kf2 Ne4+ 32. Ke3 Nd6 33. Bd3 Ke7 34. Nf3 h6 35. Be4 Nxe4 36. Kxe4 g6 37. Ne5 Kd6 38. Nc4+ Kc5 39. Ne5 b5 40. a3 Kd6 41. g4 Ke6 42. Nf3 f5+ 43. gxf5+ gxf5+ 44. Kf4 Nc6 45. Nh4 Ne7 46. Ke3 Nd5+ 47. Kd4 Nb6 48. b3 Nd7 49. Ng6 Kf6 50. Nf4 Kg5 51. Nd3 Kg4 52. Ke3 Kh3 53. Kf4 Kxh2 54. Kxf5 Kg3 55. Nf4 Kf3 56. Ne6 Ke3 57. Nd4 Nc5 58. b4 Na4 59. Nxb5 Kd3 60. Kg6 Nxc3 61. Nd6 b5 62. Kxh6 Kc2 63. Kg5 Kb3 64. Kf4 Kxa3 65. Nxb5+ Nxb5 66. Ke3 Kxb4 1/2-1/2


[Site "https://www.chess.com"]

[Event "Titled Tuesday Blitz March 14 Early 2023"]
[White "Ozen, Bahadir"]
[Black "Filgueira, Hernan"]
[WhiteFideId "6337058"]
[BlackFideId "101770"]
[WhiteElo "2503"]
[BlackElo "2363"]
[Result "1/2-1/2"]
[Round "02"]
[TimeControl "180+2"]
[Date "2023.03.14"]
[WhiteClock "0:00:50"]
[BlackClock "0:00:45"]

1. Nf3 d5 2. d4 e6 3. c4 Nf6 4. Nc3 c6 5. e3 a6 6. b3 Bb4 7. Bd2 Bd6 8. Qc2 O-O 9. e4 dxe4 10. Nxe4 Nxe4 11. Qxe4 c5 12. dxc5 Bxc5 13. Bd3 f5 14. Qe2 Nc6 15. Bc3 e5 16. Rd1 Nd4 17. Bxd4 exd4 18. O-O Qd6 19. Rfe1 Bd7 20. Qe5 Qc6 21. Nxd4 Qb6 22. Qd5+ Kh8 23. Qxd7 Bxd4 24. Re2 Rad8 25. Qa4 f4 26. c5 Bxc5 27. Qe4 Qh6 28. Qf3 Rd7 1/2-1/2


[Site "https://www.chess.com"]

[Event "Titled Tuesday Blitz March 14 Early 2023"]
[White "Garv Gaur"]
[Black "Gupta, Abhijeet"]
[WhiteFideId "45030839"]
[BlackFideId "5010608"]
[WhiteElo "2068"]
[BlackElo "2528"]
[Result "0-1"]
[Round "02"]
[TimeControl "180+2"]
[Date "2023.03.14"]
[WhiteClock "0:00:11"]
[BlackClock "0:01:10"]

1. Nf3 Nf6 2. g3 g6 3. Bg2 Bg7 4. O-O O-O 5. d4 d6 6. c4 c5 7. d5 e6 8. Nc3 Re8 9. Nd2 exd5 10. cxd5 a6 11. a4 Nbd7 12. Nc4 Ne5 13. Nxe5 Rxe5 14. Bf4 Re8 15. h3 h6 16. Re1 g5 17. Bd2 Bd7 18. e4 b5 19. axb5 axb5 20. Rxa8 Qxa8 21. Qc2 b4 22. Nd1 Qa2 23. e5 Ba4 24. Qc1 Nd7 25. exd6 Rxe1+ 26. Bxe1 Bd4 27. Kh2 Qb3 28. Ne3 Qxb2 29. Qc4 Ne5 30. Qa6 Bd7 31. Nc4 Qe2 32. Qa8+ Kg7 33. Nxe5 Qxe5 34. Bd2 Bxf2 35. Qd8 Bxg3+ 36. Kh1 Qa1+ 0-1


[Site "https://www.chess.com"]

[Event "Titled Tuesday Blitz March 14 Early 2023"]
[White "Vakhlamov, Igor L."]
[Black "Kalashian, David"]
[WhiteFideId "24126748"]
[BlackFideId "13302418"]
[WhiteElo "2400"]
[BlackElo "2490"]
[Result "1/2-1/2"]
[Round "02"]
[TimeControl "180+2"]
[Date "2023.03.14"]
[WhiteClock "0:01:08"]
[BlackClock "0:01:21"]

1. e4 c6 2. d4 g6 3. Nf3 Bg7 4. Nc3 d6 5. Bc4 Nf6 6. O-O O-O 7. Re1 Nxe4 8. Nxe4 d5 9. Bb3 dxe4 10. Rxe4 Bf5 11. Re1 Nd7 12. c3 Bg4 13. h3 Bxf3 14. Qxf3 e5 15. dxe5 Nxe5 16. Qg3 Nd3 17. Rd1 Nxc1 18. Raxc1 Qe7 19. Re1 Qc5 20. Rcd1 a5 21. Qf4 b5 22. a4 Ra7 23. Qd6 Qxd6 24. Rxd6 Rb7 25. Re2 Rfb8 26. Rxc6 bxa4 27. Bxa4 Rxb2 28. Rxb2 Rxb2 29. Rc8+ Bf8 30. Ra8 Ra2 31. Rxa5 Bd6 32. g3 1/2-1/2


[Site "https://www.chess.com"]

[Event "Titled Tuesday Blitz March 14 Early 2023"]
[White "Manukyan, Sargis A."]
[Black "Yuan, Qingyu"]
[WhiteFideId "13303970"]
[BlackFideId "8609772"]
[WhiteElo "2187"]
[BlackElo "2359"]
[Result "1-0"]
[Round "02"]
[TimeControl "180+2"]
[Date "2023.03.14"]
[WhiteClock "0:01:35"]
[BlackClock "0:00:05"]

1. d4 d5 2. c4 e6 3. Nc3 Be7 4. Nf3 Nf6 5. Bg5 h6 6. Bh4 O-O 7. e3 Nbd7 8. cxd5 Nxd5 9. Bxe7 Nxe7 10. Be2 c5 11. dxc5 Nxc5 12. O-O b6 13. b4 Nd7 14. Rc1 Bb7 15. Nb5 a6 16. Nd6 Bd5 17. e4 Nf6 18. Nxf7 Rxf7 19. exd5 Qxd5 20. Bc4 Qxd1 21. Rfxd1 Ned5 22. a3 Kf8 23. Ne5 Rb7 24. Bxd5 Nxd5 25. Rc6 Ke7 26. Re1 Rc7 27. Ng6+ Kf7 28. Ne5+ Ke7 29. Ng6+ Kf7 30. Rcxe6 a5 31. bxa5 Rxa5 32. h4 h5 33. f4 Rxa3 34. f5 Nf6 35. Nh8+ Kg8 36. Re8+ Kh7 37. Ng6 Ng8 38. Rxg8 Kxg8 39. Re8+ Kf7 40. Rf8# 1-0


[Site "https://www.chess.com"]

[Event "Titled Tuesday Blitz March 14 Early 2023"]
[White "Gareyev, Timur"]
[Black "Domingo Nunez, Alejandro"]
[WhiteFideId "14200937"]
[BlackFideId "22245561"]
[WhiteElo "2563"]
[BlackElo "2230"]
[Result "1-0"]
[Round "02"]
[TimeControl "180+2"]
[Date "2023.03.14"]
[WhiteClock "0:01:34"]
[BlackClock "0:00:23"]

1. d4 g6 2. e4 Bg7 3. Nf3 c6 4. c4 d5 5. cxd5 cxd5 6. e5 Nc6 7. Bb5 Bg4 8. Nbd2 Rc8 9. O-O Nh6 10. h3 Bxf3 11. Nxf3 O-O 12. Re1 Qb6 13. Bf1 Nf5 14. Be3 Nxe3 15. Rxe3 Na5 16. b3 Qb4 17. h4 Rc7 18. h5 Rfc8 19. e6 f5 20. hxg6 hxg6 21. a3 Qd6 22. Nh4 Qf4 23. Nxg6 Qxd4 24. Qh5 Rc3 25. Nxe7+ Kf8 26. Qf7# 1-0


[Site "https://www.chess.com"]

[Event "Titled Tuesday Blitz March 14 Early 2023"]
[White "Bruedigam, Martin"]
[Black "Aditya Mittal"]
[WhiteFideId "24608033"]
[BlackFideId "35042025"]
[WhiteElo "2331"]
[BlackElo "2396"]
[Result "0-1"]
[Round "02"]
[TimeControl "180+2"]
[Date "2023.03.14"]
[WhiteClock "0:00:03"]
[BlackClock "0:00:12"]

1. d4 Nf6 2. c4 e6 3. Nc3 Bb4 4. Bd2 O-O 5. e3 d5 6. Nf3 b6 7. cxd5 exd5 8. Bd3 Ba6 9. Bxa6 Nxa6 10. Qa4 Qc8 11. Rc1 Qb7 12. O-O c5 13. a3 Bxc3 14. bxc3 c4 15. Ne5 Ne4 16. Rcd1 f6 17. Nf3 Nc7 18. Ne1 Rfe8 19. Qc2 b5 20. Bc1 a5 21. f3 Nd6 22. Bd2 Na6 23. Qb1 Rab8 24. Nc2 Qc6 25. Rde1 Re7 26. Re2 Reb7 27. Qe1 f5 28. e4 fxe4 29. Bf4 exf3 30. Re6 Rd8 31. Rxf3 Rf7 32. Qe5 Re8 33. Qxd6 Rxe6 34. Qd8+ Re8 35. Qxa5 Qe6 36. Ne3 Rxf4 37. Rxf4 Qxe3+ 0-1


[Site "https://www.chess.com"]

[Event "Titled Tuesday Blitz March 14 Early 2023"]
[White "Madaminov, Mukhiddin"]
[Black "Begunov, Konstantin"]
[WhiteFideId "14210703"]
[BlackFideId "4118510"]
[WhiteElo "2511"]
[BlackElo "2079"]
[Result "1-0"]
[Round "02"]
[TimeControl "180+2"]
[Date "2023.03.14"]
[WhiteClock "0:00:07"]
[BlackClock "0:00:05"]

1. d4 d5 2. Nc3 Bf5 3. f3 Nf6 4. Bf4 e6 5. g4 Bg6 6. h4 h6 7. e3 Bd6 8. Nh3 c5 9. Nb5 Bxf4 10. Nxf4 Bh7 11. dxc5 O-O 12. g5 Nfd7 13. gxh6 gxh6 14. b4 Nc6 15. a3 a5 16. c3 Qf6 17. Kf2 axb4 18. cxb4 Nxb4 19. Rc1 Nc6 20. Be2 Kh8 21. Qb3 Nde5 22. Nd6 d4 23. Rcd1 dxe3+ 24. Qxe3 Rxa3 25. Qxa3 Qxf4 26. Qc3 f6 27. Rdg1 Nd4 28. Qe3 Nxe2 29. Kxe2 Bd3+ 30. Kf2 Qxe3+ 31. Kxe3 Bh7 32. f4 Nc6 33. Nxb7 e5 34. Nd6 exf4+ 35. Kxf4 Nd4 36. Re1 Bg8 37. Rhg1 Rd8 38. Re7 Ne6+ 39. Kf5 Nxc5 40. Re8 Rxe8 41. Nxe8 Nd7 42. Nxf6 Nxf6 43. Kxf6 Kh7 44. Rg7+ Kh8 45. Kg6 Bc4 46. Kxh6 Bd3 47. Rd7 Bc4 48. Kg6 Bg8 49. h5 Be6 50. Rd8+ Bg8 51. Kg5 Kh7 52. Rd7+ Kh8 53. Kg6 Be6 54. Rh7+ Kg8 55. Re7 Bd5 56. Re8# 1-0


[Site "https://www.chess.com"]

[Event "Titled Tuesday Blitz March 14 Early 2023"]
[White "Shevtchenko, Olesya"]
[Black "Zahid, Sanatan"]
[WhiteFideId "24131890"]
[BlackFideId "10201963"]
[WhiteElo "2003"]
[BlackElo "1865"]
[Result "0-1"]
[Round "02"]
[TimeControl "180+2"]
[Date "2023.03.14"]
[WhiteClock "0:00:08"]
[BlackClock "0:01:38"]

1. e4 e6 2. d4 d5 3. Nc3 Nf6 4. Bg5 Bb4 5. exd5 Qxd5 6. Bxf6 gxf6 7. Nf3 Qd8 8. Bd3 Nd7 9. O-O c6 10. Re1 Nf8 11. a3 Be7 12. Qe2 Bd7 13. Ne4 Qc7 14. c4 O-O-O 15. b4 f5 16. Nc5 Ng6 17. Qc2 Bf6 18. Rad1 Nf4 19. Bf1 b6 20. Na6 Qb7 21. b5 Rhg8 22. c5 Rxg2+ 23. Kh1 Rdg8 24. cxb6 axb6 25. Bxg2 Rxg2 26. Rg1 c5 27. d5 Rxg1+ 28. Kxg1 Nxd5 29. Qd2 Bxb5 30. Qh6 Bxa6 31. Qf8+ Bd8 32. Ne5 Qe7 33. Qh8 Bb7 34. f3 Qf6 35. Qxf6 Bxf6 36. Nxf7 Kc7 37. Kf2 Bd4+ 38. Kg3 f4+ 39. Kg4 Ne3+ 40. Kh5 Nxd1 41. Kh6 Bxf3 42. Kxh7 Be4+ 0-1


[Site "https://www.chess.com"]

[Event "Titled Tuesday Blitz March 14 Early 2023"]
[White "Albornoz Cabrera, Carlos Daniel"]
[Black "Sarkar, Justin"]
[WhiteFideId "3518736"]
[BlackFideId "2010011"]
[WhiteElo "2501"]
[BlackElo "2189"]
[Result "1-0"]
[Round "02"]
[TimeControl "180+2"]
[Date "2023.03.14"]
[WhiteClock "0:02:09"]
[BlackClock "0:00:12"]

1. Nf3 d5 2. d4 Nf6 3. c4 e6 4. Nc3 Bb4 5. cxd5 exd5 6. Bg5 h6 7. Bh4 g5 8. Bg3 Ne4 9. Nd2 Nxg3 10. hxg3 c6 11. Qc2 Be6 12. a3 Bf8 13. e3 Nd7 14. Bd3 Bg7 15. Na4 Rc8 16. b4 b6 17. Rc1 O-O 18. O-O g4 19. Nc3 c5 20. Ba6 cxd4 21. exd4 Rc7 22. Qd3 Qf6 23. Nxd5 Bxd5 24. Rxc7 1-0


[Site "https://www.chess.com"]

[Event "Titled Tuesday Blitz March 14 Early 2023"]
[White "Klepikov, Nikita"]
[Black "Molina, Roberto Junio Brito"]
[WhiteFideId "24145220"]
[BlackFideId "2109450"]
[WhiteElo "2025"]
[BlackElo "2376"]
[Result "1-0"]
[Round "02"]
[TimeControl "180+2"]
[Date "2023.03.14"]
[WhiteClock "0:00:04"]
[BlackClock "0:00:02"]

1. e4 c6 2. d4 d5 3. Nd2 dxe4 4. Nxe4 Nd7 5. Bc4 Ngf6 6. Ng5 e6 7. c3 h6 8. N5f3 Bd6 9. Qe2 Qc7 10. a4 b6 11. Be3 Bb7 12. h3 c5 13. Rd1 O-O 14. Ba6 cxd4 15. Nxd4 Bxa6 16. Qxa6 Nc5 17. Qc4 a6 18. Ngf3 Rfc8 19. O-O Qb7 20. Qa2 Bf8 21. Rc1 b5 22. a5 b4 23. cxb4 Nd3 24. Rxc8 Rxc8 25. b5 axb5 26. Qb3 Nb4 27. Bd2 Rc4 28. Ra1 Bc5 29. Bc3 Nfd5 30. a6 Nxa6 31. Qxb5 Qxb5 32. Nxb5 Nac7 33. Nxc7 Nxc7 34. Rd1 Nd5 35. Rd3 f6 36. Kf1 Kf7 37. Nd2 Ra4 38. Ke2 Ra2 39. Nb3 Be7 40. Nc1 Ra1 41. Kd2 Bd6 42. Kc2 1-0


[Site "https://www.chess.com"]

[Event "Titled Tuesday Blitz March 14 Early 2023"]
[White "Real_OceanStorm"]
[Black "Manon-og, Ramon Jr."]
[BlackFideId "5200776"]
[WhiteElo "2808"]
[BlackElo "2337"]
[Result "1-0"]
[Round "02"]
[TimeControl "180+2"]
[Date "2023.03.14"]
[WhiteClock "0:00:40"]
[BlackClock "0:00:04"]

1. e4 c5 2. c3 d6 3. d4 cxd4 4. cxd4 Nf6 5. Nc3 e6 6. Nf3 Be7 7. Bd3 h6 8. O-O O-O 9. Be3 Ng4 10. Bd2 e5 11. Nd5 Nc6 12. Nxe7+ Qxe7 13. h3 Nf6 14. d5 Nd8 15. Rc1 Nh5 16. Re1 Nf4 17. Bxf4 exf4 18. Qd2 Qf6 19. Rc7 Re8 20. Rec1 Bxh3 21. gxh3 Qg6+ 22. Kh2 Qf6 23. Rg1 Kh8 24. Rg4 g5 25. h4 Ne6 26. dxe6 Qxe6 27. Qc3+ f6 28. Rg1 g4 29. Rxg4 Rg8 30. Rxg8+ Rxg8 31. Bc4 d5 32. Bxd5 Qg4 33. Qxf6+ Rg7 34. Qxh6+ Rh7 35. Qxh7# 1-0


[Site "https://www.chess.com"]

[Event "Titled Tuesday Blitz March 14 Early 2023"]
[White "Wilson, Elvin"]
[Black "Hambleton, Aman"]
[WhiteFideId "2014874"]
[BlackFideId "2606577"]
[WhiteElo "2291"]
[BlackElo "2511"]
[Result "0-1"]
[Round "02"]
[TimeControl "180+2"]
[Date "2023.03.14"]
[WhiteClock "0:00:25"]
[BlackClock "0:00:06"]

1. c4 c5 2. g3 e6 3. Bg2 Nf6 4. Nf3 a6 5. O-O Qc7 6. Nc3 d6 7. b3 b6 8. d4 cxd4 9. Nxd4 Bb7 10. e4 b5 11. Ndxb5 axb5 12. Nxb5 Qd7 13. Qe2 Be7 14. Rd1 e5 15. Bb2 Nc6 16. Qe1 O-O 17. c5 Rfd8 18. cxd6 Bf8 19. a4 Ba6 20. Nc7 Ra7 21. Nxa6 Rxa6 22. Bf1 Rb6 23. Bb5 Qb7 24. Rac1 Nd7 25. Rd3 g6 26. Rc4 Rxb5 27. axb5 Qxb5 28. Qc1 Ndb8 29. Rd5 Qxb3 30. Rc3 Qb4 31. Rc4 Qb3 32. Rxc6 Nxc6 33. Qxc6 Qxb2 34. Qc7 Qb1+ 35. Kg2 Qxe4+ 36. f3 Qxd5 37. Qxd8 Qxd6 38. Qc8 Qe6 39. Qc3 Kg7 40. Qd3 Be7 41. g4 h6 42. h3 Bg5 43. Qe4 Qf6 44. Qd5 Qf4 45. Qc4 Qxc4 0-1


[Site "https://www.chess.com"]

[Event "Titled Tuesday Blitz March 14 Early 2023"]
[White "Urazayev, Arystanbek"]
[Black "Bolanos, Fernando"]
[WhiteFideId "13709810"]
[BlackFideId "3304094"]
[WhiteElo "2479"]
[BlackElo "2166"]
[Result "1-0"]
[Round "02"]
[TimeControl "180+2"]
[Date "2023.03.14"]
[WhiteClock "0:01:22"]
[BlackClock "0:00:36"]

1. e4 c5 2. Nf3 d6 3. d4 cxd4 4. Nxd4 Nf6 5. Nc3 Nc6 6. Bg5 e6 7. Qd2 Bd7 8. Ndb5 Qb8 9. O-O-O h6 10. Bh4 a6 11. Nxd6+ Bxd6 12. Qxd6 Qxd6 13. Rxd6 Ke7 14. Rxc6 Bxc6 15. e5 g5 16. exf6+ Kxf6 17. Bg3 b5 18. f3 h5 19. h4 g4 20. Bd3 Rhg8 21. Bf4 gxf3 22. gxf3 Bxf3 23. Rf1 Bg2 24. Bg5+ Kg7 25. Rg1 Bc6 26. Ne4 f5 27. Nc5 Bd5 28. Nd7 Kh7 29. Nf6+ Kh8 30. Nxg8 Kxg8 31. Bf4+ Kf8 32. Be5 Ra7 33. Kd2 Rd7 34. Ke3 Bc4 35. b3 Rd5 36. Bg7+ Kf7 37. bxc4 bxc4 38. Bxc4 Rc5 39. Bd3 e5 40. Bxf5 Rc3+ 41. Bd3 Rc8 42. Bxe5 Re8 43. Ke4 Ra8 44. Bc4+ Ke7 45. Rg7+ Kf8 46. Rg8+ Ke7 47. Rxa8 a5 48. Ra7+ Kd8 49. Kf5 Kc8 50. Ke6 a4 51. Ba6+ Kd8 52. Ra8# 1-0


[Site "https://www.chess.com"]

[Event "Titled Tuesday Blitz March 14 Early 2023"]
[White "Lesbekova, Assel"]
[Black "Santos Ruiz, Miguel"]
[WhiteFideId "13713248"]
[BlackFideId "22291482"]
[WhiteElo "1799"]
[BlackElo "2504"]
[Result "1-0"]
[Round "02"]
[TimeControl "180+2"]
[Date "2023.03.14"]
[WhiteClock "0:01:04"]
[BlackClock "0:00:06"]

1. e4 c5 2. Nf3 d6 3. Bb5+ Nd7 4. O-O a6 5. Bxd7+ Qxd7 6. e5 dxe5 7. Nxe5 Qd5 8. Re1 f6 9. Nc3 Qe6 10. Ng6 Qxe1+ 11. Qxe1 hxg6 12. Na4 e5 13. Nb6 Rb8 14. c3 Bd6 15. d4 Ne7 16. Nc4 Bc7 17. dxe5 Be6 18. Nd6+ Kd7 19. Bf4 g5 20. Bg3 f5 21. f3 Nc6 22. Rd1 Ke7 23. Bf2 b6 24. b3 Rbd8 25. Qe2 Bxd6 26. exd6+ Rxd6 27. Rxd6 Kxd6 28. Qxa6 Kc7 29. g3 Rd8 30. Qe2 Bc8 31. Be3 g4 32. Bf4+ Kb7 33. fxg4 fxg4 34. a4 Rd7 35. Qxg4 Re7 36. Qd1 Bh3 37. Kf2 Rf7 38. Qd5 Rd7 39. Qe4 Re7 40. Qf3 Be6 41. b4 Rd7 42. b5 Bd5 43. bxc6+ Bxc6 44. Qg4 Rd3 45. h4 Ka6 46. Qxg7 Rf3+ 47. Ke2 c4 48. Qd4 1-0


[Site "https://www.chess.com"]

[Event "Titled Tuesday Blitz March 14 Early 2023"]
[White "Kornyukov, Alexey"]
[Black "Galchenko, Matvey"]
[WhiteFideId "4150457"]
[BlackFideId "24175480"]
[WhiteElo "2352"]
[BlackElo "2404"]
[Result "0-1"]
[Round "02"]
[TimeControl "180+2"]
[Date "2023.03.14"]
[WhiteClock "0:00:21"]
[BlackClock "0:00:33"]

1. e4 e6 2. d4 d5 3. Nc3 Bb4 4. exd5 exd5 5. Bd3 Nc6 6. a3 Ba5 7. Ne2 Nge7 8. O-O O-O 9. b4 Bb6 10. Bb2 Bf5 11. b5 Nxd4 12. Nxd4 Bxd4 13. Bxf5 Nxf5 14. Qg4 Qd7 15. Rad1 Bxc3 16. Bxc3 f6 17. Rd2 Rad8 18. Rfd1 c6 19. bxc6 bxc6 20. Ba5 Nd6 21. Qf4 Rde8 22. c4 Re4 23. Qg3 Nxc4 24. Rc2 Nxa5 25. Qc3 Nc4 26. f3 Re7 27. Qa5 Nxa5 0-1


[Site "https://www.chess.com"]

[Event "Titled Tuesday Blitz March 14 Early 2023"]
[White "Narayanan, Srinath"]
[Black "Torres Dominguez, David"]
[WhiteFideId "5018420"]
[BlackFideId "2220857"]
[WhiteElo "2438"]
[BlackElo "1999"]
[Result "1-0"]
[Round "02"]
[TimeControl "180+2"]
[Date "2023.03.14"]
[WhiteClock "0:00:05"]
[BlackClock "0:00:12"]

1. d4 e5 2. dxe5 d6 3. Nf3 Bg4 4. exd6 Bxd6 5. Nc3 Nc6 6. e4 Qe7 7. Bd3 O-O-O 8. h3 Bh5 9. g4 Bg6 10. Qe2 Nf6 11. Bg5 Rhe8 12. O-O-O h6 13. Nd5 Qe6 14. Bxf6 gxf6 15. Rhe1 Bc5 16. Kb1 h5 17. Nf4 Qe7 18. gxh5 Bh7 19. c3 Ne5 20. Bc2 Bd6 21. Nd4 f5 22. exf5 Qh4 23. Nd5 Nc6 24. Qxe8 Rxe8 25. Rxe8+ Nd8 26. Re4 Qxh3 27. Nb5 Qxh5 28. Rc4 Kb8 29. Ndxc7 Bxc7 30. Rxc7 Nc6 31. Rdd7 Qd1+ 32. Rxd1 a6 33. Rxf7 Bxf5 34. Rxf5 axb5 35. Rxb5 Ka7 36. Rbd5 Nb4 37. cxb4 Kb6 38. Re5 Kc6 39. Rg1 Kb6 40. Rg6+ Ka7 41. Rb5 b6 42. Rd5 Kb7 43. Bd3 Kc7 44. Rh5 b5 45. Rh7+ 1-0


[Site "https://www.chess.com"]

[Event "Titled Tuesday Blitz March 14 Early 2023"]
[White "Aung Thant Zin"]
[Black "Postny, Evgeny"]
[WhiteFideId "13000063"]
[BlackFideId "2804344"]
[WhiteElo "2278"]
[BlackElo "2509"]
[Result "0-1"]
[Round "02"]
[TimeControl "180+2"]
[Date "2023.03.14"]
[WhiteClock "0:00:02"]
[BlackClock "0:00:21"]

1. e4 c5 2. Nf3 d6 3. d4 cxd4 4. Nxd4 Nf6 5. Nc3 e6 6. g3 Be7 7. Bg2 O-O 8. O-O Nbd7 9. h3 a6 10. a4 Qc7 11. a5 Ne5 12. Bd2 Nc4 13. b3 Nxd2 14. Qxd2 Bd7 15. Nce2 Rfd8 16. c4 Be8 17. Rfc1 Nd7 18. b4 Rac8 19. f4 Bf6 20. Ra2 e5 21. Nf5 Nb8 22. Ne3 exf4 23. gxf4 Bh4 24. Nd5 Qd7 25. f5 h6 26. Rc3 Nc6 27. Rf3 Ne5 28. Rc3 Nxc4 29. Qf4 Bg5 30. Qg4 Ne5 31. Qg3 Rxc3 32. Ndxc3 Rc8 33. Nd5 Qd8 34. Nef4 Bb5 35. f6 g6 0-1


[Site "https://www.chess.com"]

[Event "Titled Tuesday Blitz March 14 Early 2023"]
[White "Karas, Marek"]
[Black "Rustemov, Alexander"]
[WhiteFideId "14928558"]
[BlackFideId "4119002"]
[WhiteElo "2233"]
[BlackElo "2916"]
[Result "0-1"]
[Round "02"]
[TimeControl "180+2"]
[Date "2023.03.14"]
[WhiteClock "0:00:02"]
[BlackClock "0:00:19"]

1. d4 d5 2. c4 c6 3. Nf3 Nf6 4. Nc3 a6 5. cxd5 cxd5 6. Bf4 Nc6 7. e3 Bg4 8. Be2 Rc8 9. O-O e6 10. Ne5 Bxe2 11. Qxe2 Be7 12. Rac1 O-O 13. Nxc6 Rxc6 14. Qd3 Qa5 15. Rc2 Rfc8 16. Rfc1 Ne4 17. h3 Nxc3 18. Rxc3 Qxa2 19. Rxc6 Rxc6 20. Rxc6 bxc6 21. Qc3 Qa4 22. b3 Qb5 23. Qc2 f6 24. Bg3 g6 25. Kh2 Kf7 26. Kg1 h5 27. Bc7 c5 28. dxc5 Qxc5 29. Qxc5 Bxc5 30. Kf1 Ke7 31. Ke2 Kd7 32. Ba5 e5 33. Kd3 e4+ 34. Ke2 f5 35. Bc3 g5 36. Bf6 g4 37. Be5 Ke6 38. Bc3 Bd6 39. hxg4 fxg4 40. g3 Be5 41. Ba5 d4 42. exd4 Bxd4 43. Bd2 Kd5 44. Bc1 Bf6 45. Be3 Kc6 46. Bd2 Bd4 47. Be1 Kb5 48. Bd2 Bc5 49. Bc3 Bb4 50. Bf6 Bc5 51. Bc3 Kc6 52. Bd2 Bd4 53. Bb4 Kd5 54. Bd2 Ke6 55. Bb4 Kf5 56. Bd2 Bc5 57. Bc1 Bb6 58. Bd2 Bd8 59. Bc1 h4 60. gxh4 Bxh4 61. Be3 Bg5 62. Bd4 Bf4 63. Bc3 Ke6 64. Bd4 Kd5 65. Bc3 Be5 66. Be1 Bd4 67. Bb4 Bb6 68. Bc3 e3 69. fxe3 Ke4 70. Bd2 g3 71. Bc1 Ba5 72. Bb2 Bd2 73. Bd4 Bb4 74. Bb6 Bd6 75. Bd4 Be7 76. Bb6 Bh4 77. Bc7 g2 78. Bh2 a5 79. Bg1 Bg3 0-1


[Site "https://www.chess.com"]

[Event "Titled Tuesday Blitz March 14 Early 2023"]
[White "Jaskolka, Tomasz"]
[Black "Cornette, Matthieu"]
[WhiteFideId "1170791"]
[BlackFideId "620084"]
[WhiteElo "2155"]
[BlackElo "2478"]
[Result "1-0"]
[Round "02"]
[TimeControl "180+2"]
[Date "2023.03.14"]
[WhiteClock "0:00:09"]
[BlackClock "0:00:02"]

1. d4 Nf6 2. c4 b6 3. Nc3 Bb7 4. f3 d5 5. cxd5 Nxd5 6. e4 Nxc3 7. bxc3 e5 8. Be3 exd4 9. Bxd4 c5 10. Be3 Qh4+ 11. g3 Qf6 12. Qc2 Nc6 13. Rd1 Be7 14. Be2 h5 15. Nh3 h4 16. Bg5 Qe5 17. Bf4 Qe6 18. g4 O-O 19. O-O Rad8 20. Kg2 Ne5 21. Qb3 c4 22. Qb5 Bc5 23. Bxe5 Qxe5 24. Qxc4 Bd6 25. Rh1 Rc8 26. Qd4 Bb8 27. Qxe5 Bxe5 28. c4 Rfd8 29. Rxd8+ Rxd8 30. Rd1 Rxd1 31. Bxd1 Ba6 32. Be2 Kf8 33. f4 Bd4 34. Ng5 Ke7 35. Nf3 Be3 36. f5 Bb7 37. Bd3 Kd6 38. Nxh4 Kc5 39. Kf3 Kd4 40. Bb1 Bg5 41. Ng2 Kxc4 42. h4 Bd2 43. g5 Kc3 44. Kg4 Ba6 45. e5 Kd4 46. e6 fxe6 47. fxe6 Be2+ 48. Kf5 Bb5 49. Kg6 Bc4 50. e7 Bb5 51. Kf7 Bb4 52. e8=Q Bxe8+ 53. Kxe8 Kc3 54. Kf7 Kb2 55. Kxg7 Bc3+ 56. Kg8 Kxb1 57. g6 Kxa2 58. g7 b5 59. h5 b4 60. Ne3 b3 61. Nc4 b2 62. Nxb2 Kxb2 63. h6 a5 64. h7 a4 65. h8=Q a3 66. Qh2+ Kb3 67. Qg1 a2 68. Kf7 Bxg7 69. Qxg7 Kc2 70. Qa1 1-0


[Site "https://www.chess.com"]

[Event "Titled Tuesday Blitz March 14 Early 2023"]
[White "Volkov, Sergey"]
[Black "Girsh, Daniel"]
[WhiteFideId "4122763"]
[BlackFideId "30949190"]
[WhiteElo "2401"]
[BlackElo "2075"]
[Result "1/2-1/2"]
[Round "02"]
[TimeControl "180+2"]
[Date "2023.03.14"]
[WhiteClock "0:00:09"]
[BlackClock "0:00:08"]

1. d4 Nf6 2. c4 g6 3. Nc3 Bg7 4. e4 d6 5. Nf3 O-O 6. Be2 e5 7. Be3 exd4 8. Nxd4 Re8 9. f3 c6 10. Qd2 d5 11. exd5 cxd5 12. O-O-O Nc6 13. Rhe1 Ne5 14. cxd5 Bd7 15. f4 Neg4 16. Bg1 Ne4 17. Nxe4 Rxe4 18. Ne6 Qc8+ 19. Kb1 Bxe6 20. dxe6 f5 21. Bxg4 Rxe1 22. Qxe1 fxg4 23. e7 Qf5+ 24. Ka1 Re8 25. Bd4 Qc2 26. Bxg7 Rxe7 27. Be5 g5 28. Rc1 Qxg2 29. Qg3 Qe2 30. Qb3+ Kf8 31. Rc8+ Re8 32. Rxe8+ Kxe8 33. Qg8+ Kd7 34. Qxh7+ Kc6 35. Qg6+ Kb5 36. Qe8+ Ka6 37. Qa4+ Kb6 38. Qd4+ Ka6 39. a3 gxf4 40. Bxf4 b5 41. Qd6+ Ka5 42. Qc7+ Ka4 43. Qxa7+ Kb3 44. Qf7+ Kc2 45. Qf6 Qf1+ 46. Ka2 Qc4+ 47. Ka1 Qf1+ 48. Ka2 Qc4+ 49. Ka1 Qf1+ 1/2-1/2


[Site "https://www.chess.com"]

[Event "Titled Tuesday Blitz March 14 Early 2023"]
[White "Rakhmatullaev, Almas"]
[Black "Manukian, Artak"]
[WhiteFideId "14205793"]
[BlackFideId "13301373"]
[WhiteElo "2221"]
[BlackElo "2130"]
[Result "1-0"]
[Round "02"]
[TimeControl "180+2"]
[Date "2023.03.14"]
[WhiteClock "0:00:25"]
[BlackClock "0:01:24"]

1. e4 c6 2. Nf3 d5 3. d3 Bg4 4. Nbd2 e5 5. h3 Bxf3 6. Qxf3 Nf6 7. g3 d4 8. Bg2 c5 9. O-O Nc6 10. Qe2 Bd6 11. f4 O-O 12. Nf3 Nd7 13. Nh4 g6 14. f5 b5 15. Qf3 Nb4 16. Rf2 c4 17. Bh6 cxd3 18. Bxf8 Qxf8 19. cxd3 Nc5 20. Bf1 Be7 21. a3 Nb3 22. axb4 Nxa1 23. Qd1 Bxh4 24. gxh4 Qxb4 25. Qxa1 a5 26. Qc1 a4 27. f6 Qf8 28. h5 b4 29. hxg6 hxg6 30. h4 Kh7 31. h5 Qh6 32. hxg6+ Qxg6+ 33. Kh1 Rh8 34. Rh2+ Kg8 35. Qc8# 1-0


[Site "https://www.chess.com"]